[Event "Montreal op"]
[Site "Montreal CAN"]
[Date "2009.09.13"]
[Round "5"]
[White "Rousseau, Daniel"]
[Black "Barbeau, Sylvain"]
[Result "0-1"]
[ECO "C71"]
[WhiteElo "2149"]
[BlackElo "2365"]
[PlyCount "112"]
[EventDate "2009.09.11"]
[EventType "swiss"]
[EventRounds "5"]
[EventCountry "CAN"]
[TimeControl "3600"]

1. e4 e5 2. Nf3 Nc6 3. Bb5 a6 4. Ba4 d6 5. d4 b5 6. Bb3 Nxd4 7. Nxd4 exd4 8. c3
Nf6 9. cxd4 Be7 10. O-O O-O 11. Nc3 Bb7 12. f3 b4 13. Ne2 Nd7 14. Be3 Bf6 15.
Qd2 a5 16. Rfd1 Nb6 17. a4 Ba6 18. Qc2 d5 19. e5 Be7 20. Ng3 c6 21. Ba2 g6 22.
b3 Rc8 23. Rac1 Nd7 24. Qd2 f5 25. exf6 Bxf6 26. Bb1 Re8 27. Re1 Qb6 28. Bf2
Nf8 29. f4 Ne6 30. Rxe6 Rxe6 31. f5 Re7 32. fxg6 hxg6 33. Bxg6 Rg7 34. Bh5 Rf8
35. Re1 Bc8 36. Bf3 Bg5 37. Be3 Bxe3+ 38. Qxe3 Qd8 39. Nh5 Rg6 40. Nf4 Rgf6 41.
Nd3 Bf5 42. Ne5 Bh7 43. Qg5+ Kh8 44. h4 Rf4 45. Qxd8 Rxd8 46. g3 Rf6 47. Rc1
Rdf8 48. Bg2 Rf2 49. Rxc6 Rd2 50. Bxd5 Rxd4 51. Bc4 Rd1+ 52. Kh2 Be4 53. Kh3
Bxc6 54. Nxc6 Rf5 55. Kg4 Rc5 56. Ne7 Rxc4+ 0-1

[Event "Ahuntsic"]
[Site "Montreal CAN"]
[Date "2009.04.18"]
[Round "2"]
[White "Barbeau, Sylvain"]
[Black "Bolduc, Steve"]
[Result "1-0"]
[ECO "A30"]
[WhiteElo "2272"]
[BlackElo "2174"]
[PlyCount "63"]
[EventDate "2009.04.18"]
[EventType "swiss (rapid)"]
[EventRounds "5"]
[EventCountry "CAN"]
[TimeControl "900"]

1. Nf3 Nf6 2. g3 b6 3. Bg2 Bb7 4. O-O c5 5. c4 e6 6. Nc3 Be7 7. d4 cxd4 8. Qxd4
O-O 9. Rd1 d6 10. b3 Nbd7 11. e4 a6 12. Ba3 Nc5 13. e5 dxe5 14. Qxe5 Qc8 15.
Bb2 Re8 16. Rd2 Bc6 17. Rad1 Qb7 18. Ne1 b5 19. cxb5 axb5 20. Bxc6 Qxc6 21. Nd3
Nfd7 22. Qe2 Nxd3 23. Rxd3 Nc5 24. Rd4 Rab8 25. b4 e5 26. Qxe5 Ne6 27. Nd5 Bf8
28. Rg4 Kh8 29. Nf6 Red8 30. Rxd8 Rxd8 31. Qe2 Ra8 32. Qd3 1-0

[Event "Ahuntsic"]
[Site "Montreal CAN"]
[Date "2009.04.18"]
[Round "5"]
[White "Barbeau, Sylvain"]
[Black "Forget, Luc"]
[Result "1-0"]
[ECO "C45"]
[WhiteElo "2272"]
[BlackElo "1883"]
[PlyCount "55"]
[EventDate "2009.04.18"]
[EventType "swiss (rapid)"]
[EventRounds "5"]
[EventCountry "CAN"]
[TimeControl "900"]

1. e4 e5 2. Nf3 Nc6 3. d4 exd4 4. Nxd4 Nf6 5. Nxc6 bxc6 6. e5 Qe7 7. Qe2 Nd5 8.
c4 Ba6 9. b3 O-O-O 10. g3 Re8 11. Bb2 g5 12. Bg2 Bg7 13. O-O Bxe5 14. Bxe5 Qxe5
15. Qxe5 Rxe5 16. cxd5 Bxf1 17. Kxf1 cxd5 18. Nc3 c6 19. Rc1 Kd8 20. Ne2 Rhe8
21. Nd4 h5 22. b4 g4 23. a4 a6 24. a5 Kc7 25. f3 Rb8 26. Nc2 Rb5 27. Kf2 Re8
28. Bf1 1-0